 Dungeon Crawl Stone Soup version 0.21-a0-508-gf08a75f (webtiles) character file.

754 BingusPrime the Insei (level 7, 0/43 HPs)
             Began as an Octopode Transmuter on Nov 28, 2017.
             Was a Follower of Makhleb.
             Succumbed to a scorpion's poison
             ... on level 5 of the Dungeon.
             The game lasted 00:24:31 (4580 turns).

BingusPrime the Insei (Octopode Transmuter)         Turns: 4580, Time: 00:24:32

Health: 0/43       AC:  2    Str:  9    XL:     7   Next: 79%
Magic:  5/12       EV: 21    Int: 16    God:    Makhleb [*.....]
Gold:   237        SH:  0    Dex: 19    Spells: 7/13 levels left

rFire    + . .     SeeInvis .     - Unarmed
rCold    x . .     Gourm    .   (shield currently unavailable)
rNeg     . . .     Faith    .   (helmet currently unavailable)
rPois    x         Spirit   .   (no amulet)
rElec    .         Reflect  .   f - ring of fire
rCorr    .         Harm     .   (no ring)
MR       .....                  (no ring)
Stlth    ++........             (no ring)
HPRegen  0.14/turn              (no ring)
MPRegen  0.13/turn              (no ring)
                                (no ring)
                                (no ring)

@: lethally poisoned (0 -> -15), spider-form, very slightly contaminated
A: tiny, almost no armour, stealthy swim, (amphibious), 8 rings, (constrict 8)
a: End Transformation, Renounce Religion


You were on level 5 of the Dungeon.
You worshipped Makhleb.
Makhleb was aware of your devotion.
You were not hungry.
You were a venomous arachnid creature.
You visited 2 branches of the dungeon, and saw 7 of its levels.

You collected 237 gold pieces.

Inventory:

Hand Weapons
 i - a +0 short sword
 C - a +0 flail of crushing (melded)
Missiles
 a - 49 arrows
Armour
 s - the +1 shield of Impermeability {rC+ Stlth+}
   (You found it on level 5 of the Dungeon)

   It protects you from cold.
   It makes you more stealthy.
Jewellery
 d - an uncursed amulet of harm
 f - a ring of fire (left front leg)
Wands
 t - a wand of clouds (3)
Scrolls
 j - 7 scrolls of identify {unknown}
 l - a scroll of blinking {unknown}
 m - 2 scrolls of teleportation {unknown}
 n - a scroll of fear {unknown}
 q - a scroll of fog {unknown}
 r - 3 scrolls of enchant armour
 w - a scroll of magic mapping {unknown}
 y - a scroll of random uselessness {unknown}
 z - 2 scrolls of enchant weapon {unknown}
 B - 2 scrolls of amnesia {unknown}
Potions
 c - 2 potions of curing
 e - 2 potions of agility {unknown}
 g - a potion of brilliance {unknown}
 k - 2 potions of lignification {unknown}
 o - a potion of mutation {unknown}
 p - a potion of berserk rage {unknown}
 u - a potion of haste {unknown}
 v - 2 potions of might {unknown}
 x - a potion of heal wounds {unknown}
Books
 b - a book of Changes

   Spells                             Type                      Level
   a - Beastly Appendage              Transmutation                1
   b - Sticks to Snakes               Transmutation                2
   c - Spider Form                    Transmutation/Poison         3
   d - Ice Form                       Ice/Transmutation            4
   e - Blade Hands                    Transmutation                5
Comestibles
 h - a royal jelly


   Skills:
 + Level 1.5 Fighting
 + Level 1.2 Short Blades
 + Level 0.1 Maces & Flails
 + Level 2.7 Dodging
 + Level 2.8 Stealth
 + Level 5.3 Unarmed Combat
 + Level 3.7 Spellcasting
 * Level 4.8 Transmutations
 + Level 2.1 Poison Magic


You had 7 spell levels left.
You knew the following spells:

 Your Spells              Type           Power        Failure   Level  Hunger
a - Beastly Appendage     Tmut           ###...       9%          1    None
b - Spider Form           Tmut/Pois      ##........   28%         3    ###....
c - Sticks to Snakes      Tmut           ###.....     12%         2    ##.....


Dungeon Overview and Level Annotations

Branches:
Dungeon (6/15)             Temple (1/1) D:4

Altars:
Cheibriados
Dithmenos
Fedhas
Makhleb
Nemelex Xobeh
Okawaru
Qazlal
Ru
Sif Muna
Trog
Uskayaw
Wu Jian
Xom
Yredelemnul
The Shining One

Shops:
D:5 *


Innate Abilities, Weirdness & Mutations

You cannot wear most types of armour.
You are very stealthy in the water. (Stealth+)
((You are amphibious.))
You can wear up to eight rings at the same time.
((You can use your tentacles to constrict eight enemies at once.))
((Your skin changes colour to match your surroundings (Stealth+).))
((Your rubbery body absorbs attacks. (AC +1, EV +1)))


Message History

Casting: Spider Form
Confirm with . or Enter, or press ? or * to list all spells.
You turn into a venomous arachnid creature.
Your +0 flail of crushing melds into your body.
You enter the shallow water.
Moving in this stuff is going to be slow.
The scorpion stings you.
* * * LOW HITPOINT WARNING * * *
Casting: Spider Form
Confirm with . or Enter, or press ? or * to list all spells.
You miscast Sticks to Snakes.
You are very lightly contaminated with residual magic.
Strange energies run through your body. The scorpion barely misses you.
Casting: Sticks to Snakes
Confirm with . or Enter, or press ? or * to list all spells.
You create a snake!
You now have 49 arrows.
The scorpion stings you.
* * * LOW HITPOINT WARNING * * *
You are lethally poisoned!
The scorpion poisons you!
You die...

#.###)#
#..##.#
##..#)#
##.#.#
####### #...#
##......#
##..#
##........
#..#
#.........
##.###
#.........
#s.S#
#.....Z...
#.#.#####
#..Y......
#s#.....#
#..........
#.#####.#
..........#
#.# #.#
##........##
##.#####.#
#..........#
#.....##.##
#.....?....#
#.....##.Y#
#..!/......#
#รท....###S##


You could see a scorpion and a friendly ball python.

Vanquished Creatures
  A water moccasin (D:6)
  2 sky beasts (D:5)
  An ogre (D:5)
  A scorpion (D:5)
  2 crimson imps (D:5)
  A centaur zombie (D:5)
  A bullfrog skeleton (D:5)
  An iguana (D:5)
  2 worker ants
  2 adders (D:5)
  3 oozes
  An adder zombie (D:5)
  2 worms (D:2)
  A dart slug (D:1)
  4 leopard geckos
  8 orcs
  5 giant cockroaches
  10 hobgoblins
  5 jackals
  6 kobolds
  3 quokkas
  A ball python (D:2)
  5 bats
  4 frilled lizards
  A giant cockroach zombie (D:5)
  11 goblins
  6 rats
90 creatures vanquished.

Notes
Turn   | Place    | Note
-------+----------+-------------------------------------------
     0 | D:1      | BingusPrime the Octopode Transmuter began the quest for the Orb.
     0 | D:1      | Reached XP level 1. HP: 13/13 MP: 3/3
    99 | D:1      | Reached XP level 2. HP: 9/18 MP: 1/5
   857 | D:2      | Reached XP level 3. HP: 17/23 MP: 6/6
   862 | D:2      | Learned a level 3 spell: Spider Form
   926 | D:2      | Found an ornate altar of the Wu Jian Council.
   927 | D:2      | Found a burning altar of Makhleb.
   941 | D:2      | Found a deep blue altar of Sif Muna.
  1028 | D:2      | Became a worshipper of Makhleb the Destroyer
  1603 | D:2      | Reached skill level 1 in Stealth
  1652 | D:2      | Reached XP level 4. HP: 24/28 MP: 3/7
  2557 | D:4      | Found a sparkling altar of Nemelex Xobeh.
  2811 | D:4      | Reached skill level 1 in Short Blades
  2811 | D:4      | Reached XP level 5. HP: 32/33 MP: 2/9
  2839 | D:4      | Found a staircase to the Ecumenical Temple.
  2887 | Temple   | Entered the Ecumenical Temple
  3109 | D:5      | Entered Level 5 of the Dungeon
  3130 | D:5      | Got a shimmering shield
  3148 | D:5      | Identified the +1 shield of Impermeability {rC+ Stlth+} (You found it on level 5 of the Dungeon)
  3209 | D:5      | Noticed a sky beast
  3216 | D:5      | Reached * piety under Makhleb
  3244 | D:5      | Killed a sky beast
  3244 | D:5      | Reached skill level 4 in Unarmed Combat
  3244 | D:5      | Reached skill level 1 in Poison Magic
  3244 | D:5      | Reached XP level 6. HP: 13/38 MP: 0/10
  3943 | D:5      | Reached XP level 7. HP: 35/43 MP: 8/11
  3949 | D:5      | Learned a level 2 spell: Sticks to Snakes
  3993 | D:5      | Reached skill level 5 in Unarmed Combat
  4032 | D:5      | Found Vulaehie's General Store.
  4579 | D:5      | HP: 2/43 [scorpion (6)]
  4580 | D:5      | Succumbed to a scorpion's poison

Vault maps used:
D:1:      lemuel_arrival_broad_hall, serial_curves, eino_curves_03,
          eino_curves_04
D:2:      grunt_temple_overflow_open, st_stairs_5
D:4:      nicolae_overflow_crystal_walls, minmay_temple_entry_poolview,
          minmay_misc_feat_cross
D:5:      serial_shops, kennysheep_little_box, first_bread
D:6:      serial_shops, nicolae_shop_statue_plus, uniq_sigmund, uniq_duvessa,
          uniq_blork_the_orc
Temple:   minmay_temple_curvy_loop

Skill      XL: |  1  2  3  4  5  6  7 |
---------------+----------------------+-----
Stealth        | 1 2 |  2.8
Short Blades   | 1 |  1.2
Transmutations | 3 4 |  4.8
Unarmed Combat | 4 5 |  5.3
Spellcasting   | 3 |  3.7
Poison Magic   | 1 2 |  2.1
Fighting       | |  1.5
Maces & Flails | |  0.1
Dodging        | |  2.7

Action                   |  1- 3 |  4- 6 |  7- 9 || total
-------------------------+-------+-------+-------++-------
Melee: Unarmed           |    53 |    97 |    37 ||   187
       Constrict         |    25 |     8 |     1 ||    34
       Kick              |    15 |     2 |     3 ||    20
       Tentacles         |     7 |     3 |     1 ||    11
       Punch             |     4 |       |       ||     4
       Short sword       |    49 |    27 |       ||    76
       Flail             |       |       |     9 ||     9
 Cast: Beastly Appendage |    20 |     3 |     2 ||    25
       Spider Form       |     6 |    18 |     7 ||    31
       Sticks to Snakes  |       |       |     9 ||     9
  Use: Scroll            |     2 |       |       ||     2
       Potion            |       |       |     1 ||     1
 Stab: Sleeping          |     4 |     7 |       ||    11
  Eat: Chunk             |     2 |     7 |     3 ||    12
       Bread ration      |     1 |       |       ||     1
       Royal jelly       |       |     1 |       ||     1
Armor: Skin              |    10 |     2 |     3 ||    15
Dodge: Dodged            |    79 |    93 |    51 ||   223
Block: Shield            |       |     1 |       ||     1

Table legend:
 A = Spawn XP
 B = Non-spawn XP
 C = Spawn XP percentage of total XP
 D = Spawn monster count
 E = Non-spawn monster count
 F = Spawn count percentage of total count
 G = Total turns spent on level
                    A         B        C        D         E        F      G
               +---------+---------+-------+---------+---------+-------+---------
         Total |       0 |    1078 |   0.0 |       0 |      90 |   0.0 |  4580
               +---------+---------+-------+---------+---------+-------+---------
           D:1 |       0 |      26 |   0.0 |       0 |      16 |   0.0 |   840
           D:2 |       0 |      64 |   0.0 |       0 |      29 |   0.0 |   998
           D:3 |       0 |      29 |   0.0 |       0 |      11 |   0.0 |   628
           D:4 |       0 |      50 |   0.0 |       0 |       9 |   0.0 |   447
           D:5 |       0 |     735 |   0.0 |       0 |      22 |   0.0 |  1173
           D:6 |       0 |     174 |   0.0 |       0 |       3 |   0.0 |   298
               +---------+---------+-------+---------+---------+-------+---------
